 Dungeon Crawl Stone Soup version 0.28-a0-683-ga8797d1ae1 (webtiles) character file.

Game seed: 18129566483518405836

2534 ytrimaz the Cleaver (level 9, -2/118 HPs)
             Began as a Minotaur Berserker on Oct 18, 2021.
             Was an Elder of Trog.
             Succumbed to a hornet's poison
             ... on level 8 of the Dungeon.
             The game lasted 00:08:36 (6552 turns).

ytrimaz the Cleaver (Minotaur Berserker)            Turns: 6552, Time: 00:08:36

Health: -2/118     AC: 13    Str: 26    XL:     9   Next: 30%
Magic:  8/8        EV:  8    Int:  4    God:    Trog [****..]
Gold:   258        SH:  0    Dex:  9    Spells: 8/8 levels left

rFire   . . .      SeeInvis +   d - +2 executioner's axe (vamp)
rCold   . . .      Faith    .   (shield currently unavailable)
rNeg    . . .      Spirit   .   f - +0 plate armour
rPois   .          Reflect  .   (helmet restricted)
rElec   .          Harm     .   (no cloak)
rCorr   .          Rampage  .   (no gloves)
Will    .....                   (no boots)
Stlth   ..........              (no amulet)
HPRegen 0.29/turn               v - ring of see invisible
MPRegen 0.11/turn               (no ring)

@: berserking, lethally poisoned (-2 -> -9), slowed
A: horns 2, retaliatory headbutt
a: Renounce Religion, Berserk, Trog's Hand, Brothers in Arms


You were on level 8 of the Dungeon.
You worshipped Trog.
Trog was greatly pleased with you.
You visited 2 branches of the dungeon, and saw 9 of its levels.
You also visited: Sewer.

You collected 258 gold pieces.

Inventory:

Hand Weapons
 a - a +0 hand axe of draining
 d - a +2 vampiric executioner's axe (weapon)
 t - a +1 hand axe
 x - a +0 battleaxe
Armour
 f - a +0 plate armour (worn)
Jewellery
 v - a ring of see invisible (left hand)
 w - a ring of magical power
Wands
 g - a wand of mindburst (13)
 q - a wand of iceblast (7)
Scrolls
 b - 3 scrolls of teleportation
 e - 3 scrolls of vulnerability
 i - a scroll of brand weapon
 l - a scroll of summoning
 s - 2 scrolls of magic mapping
 u - a scroll of identify
Potions
 c - a potion of curing
 j - 2 potions of resistance
 k - 2 potions of berserk rage
 m - a potion of haste {unknown}
 n - a potion of might {unknown}
 o - a potion of ambrosia {unknown}
 p - 2 potions of mutation {unknown}
 r - a potion of lignification {unknown}


   Skills:
 + Level 7.6 Fighting
 * Level 12.2 Axes
 + Level 7.2 Armour
 - Level 2.1 Dodging


You had 8 spell levels left.
You didn't know any spells.
Your spell library was empty.

Dungeon Overview and Level Annotations

Branches:
Dungeon (8/15)             Temple (1/1) D:7           Sewer (visited)
   Lair: D:8-11

Altars:
Ashenzari
Cheibriados
Elyvilon
Fedhas
Gozag
Hepliaklqana
Kikubaaqudgha
Makhleb
Nemelex Xobeh
Okawaru
Qazlal
Ru
Sif Muna
Trog
Vehumet
Xom
Yredelemnul
Zin
The Shining One

Shops:
D:5 [   D:6 [


Innate Abilities, Weirdness & Mutations

You have a pair of horns on your head.
You reflexively headbutt those who attack you in melee.


Message History

A kobold comes into view.
It is wielding a +0 short sword and quivering poisoned darts.
The hornet stings you!
* * * LOW HITPOINT WARNING * * *
You are more poisoned.
You feel as though you will be slow longer.
The kobold moves out of view.
A red film seems to cover your vision as you go berserk!
You feel yourself moving faster!
You feel mighty!
* * * LOW HITPOINT WARNING * * *
You feel very sick.
The kobold shouts!
The hornet stings you but does no damage.
The hornet barely misses you. You furiously retaliate!
You headbutt the hornet, but do no damage.
You closely miss the hornet.
The kobold shouts!
You headbutt the hornet!
The hornet is severely wounded.
* * * LOW HITPOINT WARNING * * *
You feel very sick.
The hornet stings you but does no damage.
An orc comes into view. It is wielding a +0 hand axe.
The hornet barely misses you.
You closely miss the hornet.
The hornet is severely wounded.
* * * LOW HITPOINT WARNING * * *
You feel very sick. The hornet closely misses you. You furiously retaliate!
You headbutt the hornet. The hornet barely misses you. You furiously retaliate!
You headbutt the hornet.
You kill the hornet!
Trog accepts your kill.
Your Axes skill increases to level 12!
Unknown command.
You are too berserk!
Your plate armour prevents you from hitting the kobold.
You headbutt the kobold.
You kill the kobold!
Trog accepts your kill.
You die...

### ..# ! #.#
...## #.#
......#@#
..K.K.).#
...##..........
.............
K..####.....#+#
## #.P#### ####


You could see 2 kobolds.

Vanquished Creatures
  2 hornets
  A water moccasin (D:7)
  An orc warrior (D:7)
  4 black bears
  An ice beast (D:6)
  A necrophage (D:7)
  3 ogres
  A centaur (D:5)
  2 phantoms (D:5)
  2 scorpions
  A howler monkey (D:6)
  3 wights (D:5)
  A centaur zombie (D:5)
  3 orc priests
  2 bullfrog zombies
  A bullfrog skeleton (D:6)
  A centaur skeleton (D:7)
  A gnoll shaman (D:7)
  An iguana (D:5)
  4 orc wizards (D:7)
  Robin (D:4)
  5 gnolls (D:7)
  6 adders
  3 river rats
  2 ufetubi
  An adder skeleton (D:4)
  A worm (D:2)
  A dart slug (D:3)
  16 orcs
  7 ball pythons
  5 endoplasms
  3 giant cockroaches
  11 goblins
  6 hobgoblins
  5 quokkas
  2 bats (D:1)
  10 frilled lizards
  6 kobolds
  18 rats
145 creatures vanquished.

Notes
Turn   | Place    | Note
-------+----------+-------------------------------------------
     0 | D:1      | ytrimaz the Minotaur Berserker began the quest for the Orb.
     0 | D:1      | Reached XP level 1. HP: 19/19 MP: 0/0
   314 | D:1      | Reached XP level 2. HP: 26/27 MP: 1/1
   468 | D:1      | Reached skill level 4 in Axes
   684 | D:1      | Found a faded altar of an unknown god.
  1103 | D:2      | Reached XP level 3. HP: 33/33 MP: 2/2
  1583 | D:3      | Reached ** piety under Trog
  2086 | D:3      | Found a glowing drain.
  2103 | Sewer    | Entered a sewer
  2202 | Sewer    | Reached XP level 4. HP: 36/41 MP: 3/3
  2232 | Sewer    | Reached skill level 5 in Axes
  2853 | D:4      | Found a hazy altar of Hepliaklqana.
  2872 | D:4      | Noticed Robin
  2875 | D:4      | Reached *** piety under Trog
  2877 | D:4      | Killed Robin
  2957 | D:4      | Noticed an ogre
  2961 | D:4      | Killed an ogre
  2962 | D:4      | Reached skill level 5 in Fighting
  2962 | D:4      | Reached skill level 6 in Axes
  2962 | D:4      | Reached XP level 5. HP: 48/48 MP: 4/4
  2997 | D:4      | Reached XP level 6. HP: 56/56 MP: 5/5
  3197 | D:4      | Reached skill level 7 in Axes
  3701 | D:5      | Entered Level 5 of the Dungeon
  3709 | D:5      | Reached XP level 7. HP: 62/62 MP: 6/6
  3739 | D:5      | Reached skill level 5 in Armour
  3832 | D:5      | Reached skill level 8 in Axes
  3958 | D:5      | Identified a scroll of acquirement
  3958 | D:5      | Acquired a +2 vampiric executioner's axe
  4122 | D:5      | Found Gula's Armour Emporium.
  4127 | D:5      | Reached XP level 8. HP: 46/71 MP: 7/7
  4399 | D:5      | Reached skill level 9 in Axes
  4646 | D:6      | Reached **** piety under Trog
  4688 | D:6      | Found Zautal's Antique Armour Boutique.
  4921 | D:6      | Reached skill level 10 in Axes
  5265 | D:7      | Noticed a hornet
  5273 | D:7      | Killed a hornet
  5274 | D:7      | Reached skill level 11 in Axes
  5649 | D:7      | Reached XP level 9. HP: 76/79 MP: 8/8
  5801 | D:7      | Found a broken altar of Ashenzari.
  6276 | D:7      | Found a staircase to the Ecumenical Temple.
  6286 | Temple   | Entered the Ecumenical Temple
  6545 | D:8      | Paralysed by a hornet for 3 turns
  6547 | D:8      | HP: 1/79 [hornet (12)]
  6552 | D:8      | Reached skill level 12 in Axes
  6552 | D:8      | Succumbed to a hornet's poison

Illustrated notes

Levels and vault maps discovered:
D:1:      dpeg_arrival_triangle_fractal, layout_basic,
          shapermc_ecumenical_altar_mp_urbaneastern, fountainhead
D:2:      layout_loops_cross
D:3:      layout_basic, portal_sewer_entry_b
D:4:      layout_gridville, kennysheep_mini, uniq_robin
D:5:      layout_cave_pools, serial_shops, kennysheep_little_box
D:6:      layout_gridville, serial_shops, nicolae_shop_statue_plus,
          serial_glass, glass_columns_b, glass_columns_a
D:7:      layout_basic, mainiacjoe_overflow_alcove_1,
          minmay_temple_entry_poolview
D:8:      corexii_shantytown, layout_loops_ring,
          grunt_dithmenos_smoke_and_mirrors, chequers_serial_rivers_micro_e,
          uniq_maggie
Temple:   minmay_crystal_spiral_temple

Skill      XL: |  1  2  3  4  5  6  7  8  9 |
---------------+----------------------------+-----
Fighting       | 4 5 6 7 |  7.6
Axes           | 4 6 7 8 11 12 | 12.2
Armour         | 3 4 5 6 7 |  7.2
Dodging        | |  2.1

Action                   |  1- 3 |  4- 6 |  7- 9 || total
-------------------------+-------+-------+-------++-------
Melee: Hand axe          |   115 |   123 |    42 ||   280
       Headbutt          |     8 |    22 |    26 ||    56
       Executioner's axe |       |       |   123 ||   123
Invok: Berserk           |       |     1 |     2 ||     3
  Use: Scroll            |     2 |     8 |     3 ||    13
       Potion            |       |       |     1 ||     1
Armor: Scale mail        |    15 |       |       ||    15
       Animal skin       |     2 |       |       ||     2
       Plate armour      |    40 |   102 |   129 ||   271
Dodge: Dodged            |    50 |    45 |    75 ||   170

Table legend: (Time is in decaauts)
 A = Elapsed time spent in this place.
 B = Non-inter-level travel time spent in this place.
 C = Inter-level travel time spent in this place.
 D = Time resting spent in this place.
 E = Time spent auto-exploring this place.
 F = Levels seen in this place.
 G = Mean time per level.
                   A        B        C        D        E       F      G
               +--------+--------+--------+--------+--------+-----+--------+
         Total |   6688 |   6428 |    260 |    278 |   4768 |  10 |  668.8 |
       Dungeon |   5935 |   5758 |    177 |    278 |   4361 |   8 |  741.9 |
        Temple |    211 |    128 |     83 |      0 |    112 |   1 |  211.0 |
         Sewer |    542 |    542 |      0 |      0 |    294 |   1 |  542.0 |
               +--------+--------+--------+--------+--------+-----+--------+

Top non-repeatable levels by time:
     D:7: 1265 daAuts
     D:4: 920 daAuts
     D:5: 880 daAuts
     D:3: 856 daAuts
     D:1: 729 daAuts
     D:2: 725 daAuts
   Sewer: 542 daAuts
     D:6: 541 daAuts
  Temple: 211 daAuts
     D:8: 14 daAuts
